AoeStats
← tigremaster

Oasis

508509159Analyzed
4v4 RM · 9d ago on Sep 22, 2026· 7m 45s· 8 players
Game mode
Random Map
Map size
Large (8 player)
Population
200
Speed
Normal
Resources
Standard
Victory
Conquest
Starting age
Dark Age
Ending age
Imperial Age
RankedLock teamsTeams togetherTeam positionsShared explorationLock speedFull tech treeHidden civsTurbo modeCheats
Victory
Defeat
🇦🇷 Khmer · Argentina
1378
+16
🇦🇷 Burmese · Argentina
1280
+20
🇪🇨 Cumans · Ecuador
1215
+22
🇦🇷 Maya · Argentina
1169
+24
🇺🇸 Saxons · United States
1413
-22
🇲🇽 Khmer · Mexico
1389
-22
🇵🇹 Varangians · Portugal
1374
-21
🇨🇱 Britons · Chile
1265
-17
.
5:26 Loom
9:01 Feudal Age
Morningstar
bastianbps
7:32 Loom
Ora Viva
5:22 Loom
8:50 Feudal Age
Nelware1
6:28 Loom
7:06 Loom
Barto
tigremaster
0:34 Loom
tafarafa
6:36 Loom
Connection lost

Rejoining the realm…

Still unreachable

The connection could not be restored.

Session expired

The server has moved on; the page needs a fresh start.